 Dungeon Crawl Stone Soup version 0.22.1-1-ga44c0e5 (webtiles) character file.

98 empire the Covered (level 4, -3/40 HPs)
             Began as a Minotaur Fighter on Oct 31, 2018.
             Killed by divine providence
             ... invoked by an orc priest
              (12 damage)
             ... on level 2 of the Dungeon.
             The game lasted 00:03:32 (1443 turns).

empire the Covered (Minotaur Fighter)               Turns: 1443, Time: 00:03:32

Health: -3/40      AC:  7    Str: 21    XL:     4   Next: 44%
Magic:  3/3        EV:  7    Int:  5    God:
Gold:   42         SH:  9    Dex: 10    Spells: 3/3 levels left

rFire    . . .     SeeInvis .   a - +0 long sword
rCold    . . .     Gourm    .   c - +0 shield
rNeg     . . .     Faith    .   b - +0 scale mail
rPois    .         Spirit   .   (helmet restricted)
rElec    .         Reflect  .   (no cloak)
rCorr    .         Harm     .   (no gloves)
MR       .....                  (no boots)
Stlth    ..........             (no amulet)
HPRegen  0.13/turn              (no ring)
MPRegen  0.08/turn              (no ring)

@: no status effects
A: retaliatory headbutt, horns 2
a: no special abilities


You were on level 2 of the Dungeon.
You were not hungry.

You visited 1 branch of the dungeon, and saw 3 of its levels.

You collected 42 gold pieces.

Inventory:

Hand Weapons
 a - a +0 long sword (weapon)
Armour
 b - a +0 scale mail (worn)
 c - a +0 shield (worn)
Scrolls
 h - 2 scrolls of blinking {unknown}
 i - a scroll of enchant armour {unknown}
 j - a scroll of magic mapping {unknown}
 k - 2 scrolls of remove curse {unknown}
 l - 2 scrolls of identify {unknown}
 m - 2 scrolls of immolation {unknown}
 o - a scroll of enchant weapon {unknown}
 p - a scroll of amnesia {unknown}
 q - a scroll of random uselessness {unknown}
Potions
 d - a potion of might
 e - a potion of curing {unknown}
 g - a potion of invisibility {unknown}
 n - a potion of degeneration {unknown}
Comestibles
 f - 4 rations
 r - 2 chunks of flesh


   Skills:
 - Level 4.0 Fighting
 * Level 4.2 Long Blades
 + Level 4.3 Armour
 + Level 4.3 Shields


You had 3 spell levels left.
You didn't know any spells.
Your spell library was empty.

Dungeon Overview and Level Annotations

Branches:
Dungeon (3/15)

Altars:
Vehumet

Annotations:
D:3 Sigmund


Innate Abilities, Weirdness & Mutations

You reflexively headbutt those who attack you in melee.
You have a pair of horns on your head.


Message History

You slash the frilled lizard!
You kill the frilled lizard!
An orc comes into view. It is wielding a dagger.
An orc priest comes into view.
The orc shouts!
The orc priest shouts! x2
The orc barely misses you. You furiously retaliate!
You headbutt the orc, but do no damage.
You see here a frilled lizard corpse.
You slash the orc!
You kill the orc!
The orc priest mumbles some strange prayers to Beogh against you.
Pain shoots through your body!
The orc priest mumbles some strange prayers to Beogh against you.
Beogh smites you!
* * * LOW HITPOINT WARNING * * *
The orc hits you but does no damage.
You see here a frilled lizard corpse.
The orc priest invokes the aid of Beogh against you.
Beogh smites you!
You die...

... #.##..#.# #+ #.#
#.###.#.# ... #.# #.###.#.#
.... #.# #.......# .....
##.## #####..##
......####...###########...#
......o.o†))†...............
......####o.[########...(..#
..... ##@## #.##...# ....
#.# #.##.#.# ... #..
#.##.#.# #' #### #....#.# #
#..###.# ####..###.#
#.........# #.###.###.# #
#÷# #.#


You could see an orc priest and an orc.

Vanquished Creatures
  Jessica (D:2)
  An adder (D:2)
  2 gnolls (D:2)
  3 dart slugs (D:1)
  An orc (D:2)
  3 bats (D:1)
  2 giant cockroaches
  4 goblins
  2 hobgoblins (D:1)
  4 jackals (D:1)
  4 kobolds
  2 ball pythons
  6 frilled lizards
  6 rats
41 creatures vanquished.

Notes
Turn   | Place    | Note
-------+----------+-------------------------------------------
     0 | D:1      | empire the Minotaur Fighter began the quest for the Orb.
     0 | D:1      | Reached XP level 1. HP: 19/19 MP: 0/0
   229 | D:1      | Reached XP level 2. HP: 27/27 MP: 1/1
   499 | D:1      | You fall through a shaft!
   499 | D:2      | Found a radiant altar of Vehumet.
   506 | D:3      | Noticed Sigmund
   520 | D:2      | Reached XP level 3. HP: 31/33 MP: 2/2
   563 | D:2      | Noticed Jessica
   584 | D:2      | Killed Jessica
  1243 | D:2      | Reached XP level 4. HP: 31/40 MP: 3/3
  1443 | D:2      | Killed from afar by an orc priest

Skill      XL: |  1  2  3 |
---------------+----------+-----
Long Blades    | 3 4 |  4.2
Fighting       | 4 |  4.0
Armour         | 4 |  4.3
Shields        | 4 |  4.3

Action                   |  1- 3 |  4- 6 || total
-------------------------+-------+-------++-------
Melee: Long sword        |    88 |    12 ||   100
       Headbutt          |    11 |     1 ||    12
  Eat: Chunk             |     1 |     1 ||     2
Armor: Scale mail        |    26 |     5 ||    31
Dodge: Dodged            |    29 |     3 ||    32
Block: Shield            |    43 |     4 ||    47
       Rpst.: Long sword |    11 |     1 ||    12
